 Dungeon Crawl Stone Soup version 0.32-a0-422-g28b100f618 (webtiles) character file.

Game seed: 13232344526271596140

858 croobank the Firebug (level 7, -2/50 HPs)
             Began as a Black Draconian Fire Elementalist on Feb 21, 2024.
             Killed by divine providence
             ... invoked by an orc priest
              (13 damage)
             ... on level 4 of the Dungeon.
             The game lasted 00:09:45 (4933 turns).

croobank the Firebug (DrFE)                         Turns: 4933, Time: 00:09:46

Health: -2/50      AC:  7    Str: 11    XL:     7   Next: 71%
Magic:  1/13       EV: 13    Int: 17    God:
Gold:   156        SH:  0    Dex: 11    Spells: 11/14 levels left

rFire   . . .        j - +0 dagger (vamp)
rCold   . . .        (no shield)
rNeg    . . .        (body armour unavailable)
rPois   .            (helmet restricted)
rElec   +            (no cloak)
rCorr   .            (no gloves)
SInv    .            w - +0 pair of boots
Will    .....        g - amulet of regeneration
Stlth   ++           (no ring)
HPRegen 1.08/turn    (no ring)
MPRegen 0.13/turn

%: no passive effects
@: no status effects
A: breathe lightning, AC +6, unfitting armour, electricity resistance,
cold-blooded
a: Breathe Lightning, Convert to Beogh


You were on level 4 of the Dungeon.
You visited 1 branch of the dungeon, and saw 4 of its levels.

You collected 244 gold pieces.
You spent 88 gold pieces at shops.

Inventory:

Hand Weapons
 e - a +0 short sword
 j - a +0 vampiric dagger (weapon)
 r - a +0 dagger of freezing
 t - a +0 dagger of venom
Missiles
 c - 4 curare-tipped darts
 i - 18 poisoned darts
Armour
 w - a +0 pair of boots (worn)
Jewellery
 g - an amulet of regeneration (around neck)
Wands
 s - a wand of flame (25)
Scrolls
 b - 2 scrolls of immolation {unknown}
 d - 2 scrolls of noise {unknown}
 f - 2 scrolls of fear {unknown}
 h - 2 scrolls of amnesia {unknown}
 l - 2 scrolls of identify
 n - 3 scrolls of teleportation {unknown}
 p - 2 scrolls of fog {unknown}
 v - a scroll of enchant weapon {unknown}
Potions
 a - a potion of magic
 k - 2 potions of mutation
 m - a potion of brilliance
 o - a potion of ambrosia
 q - 4 potions of heal wounds
 u - a potion of attraction


   Skills:
 + Level 3.9 Dodging
 + Level 4.1 Stealth
 + Level 4.0 Spellcasting
 + Level 3.9 Conjurations
 + Level 4.9 Fire Magic


You had 11 spell levels left.
You knew the following spells:

 Your Spells              Type           Power      Damage    Failure   Level
a - Foxfire               Conj/Fire      72%        2x1d7     2%          1
b - Scorch                Fire           40%        2d6       3%          2

Your spell library contained the following spells:

 Spells                   Type           Power      Damage    Failure   Level
 Apportation              Tloc           6%         N/A       16%         1
 Slow                     Hex            12%        N/A       16%         1
 Inner Flame              Hex/Fire       11%        N/A       17%         3
 Volatile Blastmotes      Fire/Tloc      22%        2d11      17%         3
 Hailstorm                Conj/Ice       10%        3d6       22%         3
 Ensorcelled Hibernation  Hex/Ice        6%         N/A       24%         2
 Jinxbite                 Hex            6%         N/A       24%         2
 Flame Wave               Conj/Fire      18%        2d7       26%         4
 Confusing Touch          Hex            3%         N/A       43%         3
 Gell's Gravitas          Tloc           3%         N/A       43%         3
 Passwall                 Erth           3%         N/A       43%         3
 Sigil of Binding         Hex            3%         N/A       43%         3
 Summon Ice Beast         Ice/Summ       3%         N/A       43%         3
 Swiftness                Air            3%         N/A       43%         3
 Teleport Other           Tloc           3%         N/A       43%         3
 Vampiric Draining        Necr           3%         2d6       43%         3
 Sticky Flame             Fire/Alch      11%        2d5       50%         4
 Alistair's Intoxication  Alch           2%         N/A       99%         5
 Dispersal                Tloc           1%         N/A       100%        6
 Sculpt Simulacrum        Ice/Alch       1%         N/A       100%        6


Dungeon Overview and Level Annotations

Branches:
Dungeon (4/15)
 Temple: D:4-7

Altars:
Yredelemnul

Shops:
D:3 ?   D:4 (

Annotations:
D:3 1 runed translucent door, Crazy Yiuf
D:4 3 runed translucent doors, asd2613's ghost, amateur MDMo


Innate Abilities, Weirdness & Mutations

You can breathe wild blasts of lightning.
Your glossy black scales are hard. (AC +6)
You cannot fit into any form of body armour.
You are resistant to electric shocks. (rElec)
You are cold-blooded and may be slowed by cold attacks.


Message History

Your tail-slap misses the centaur zombie.
The centaur zombie is severely damaged.
The orc priest is no longer more vulnerable to fire.
The centaur zombie hits you but does no damage.
The centaur zombie barely misses you.
You hit the centaur zombie.
The centaur zombie is almost destroyed.
The orc priest shouts, "The Pantheon deserves no one's loyalty.
Let us show you the true path!" The centaur zombie hits you.
The centaur zombie kicks you. The centaur zombie closely misses you.
The centaur zombie kicks you.
You hit the centaur zombie.
The centaur zombie is almost destroyed.
The centaur zombie barely misses you.
The centaur zombie kicks you but does no damage.
The orc priest mumbles some strange prayers to Beogh against you.
Beogh smites you!
* * * LOW HITPOINT WARNING * * *
Casting: Scorch (safe; 3% risk of failure)
Confirm with . or Enter, or press ? or * to list all spells.
Flames lash the centaur zombie.
You destroy the centaur zombie!
You hit the orc priest.
You feel better.
The orc priest is severely wounded.
The orc priest mumbles some strange prayers to Beogh against you.
Pain shoots through your body!
* * * LOW HITPOINT WARNING * * *
You hit the orc priest but do no damage.
The orc priest is severely wounded.
The orc priest closely misses you.
You hit the orc priest.
The orc priest is almost dead.
The orc priest mumbles some strange prayers to Beogh against you.
Pain shoots through your body!
* * * LOW HITPOINT WARNING * * *
You hit the orc priest.
The orc priest is almost dead.
The orc priest shouts, "Beogh offers mercy even to people such as you.
Join us and be reborn!"
The orc priest invokes the aid of Beogh against you.
Beogh smites you!
You die...

.# .##.#..........#
.# .##.#.##.....#.#
.# #.##.#.##.....#.#
.####...........###.#
...........######..%#
#########..# #.#.# #
#### #'### ## ####.#
.## #)o@.# ..##
#)#### ...#######
....+W[#
.........##._..+.?#
...########....+.$#
..##########.#.####
.........# ###....#
.######### ####(# ##


You could see an orc priest and asd2613's ghost.

Vanquished Creatures
  Grinder (D:3)
  Sigmund (D:3)
  A scorpion (D:4)
  A centaur zombie (D:4)
  A hound (D:4)
  A sleepcap (D:3)
  Terence (D:3)
  An iguana (D:4)
  An orc wizard (D:4)
  A hound zombie (D:4)
  Robin (D:3)
  4 gnolls (D:3)
  3 adders (D:3)
  A ribbon worm (D:2)
  4 dart slugs
  9 orcs
  4 ball pythons
  7 endoplasms
  A giant cockroach (D:2)
  20 goblins
  16 hobgoblins
  11 kobolds
  7 quokkas
  4 bats
  A frilled lizard (D:3)
  2 rats (D:1)
105 creatures vanquished.

Vanquished Creatures (collateral kills)
  6 foxfires (D:3)
6 creatures vanquished.

Vanquished Creatures (others)
  147 foxfires
147 creatures vanquished.

Grand Total: 258 creatures vanquished

Notes
Turn   | Place    | Note
-------+----------+-------------------------------------------
     0 | D:1      | croobank the Draconian Fire Elementalist began the quest
                  | for the Orb.
     0 | D:1      | Reached XP level 1. HP: 14/14 MP: 3/3
   153 | D:1      | Reached XP level 2. HP: 20/20 MP: 1/5
   313 | D:1      | Learned a level 2 spell: Scorch
   563 | D:1      | Reached XP level 3. HP: 26/26 MP: 0/6
  1833 | D:2      | Reached XP level 4. HP: 33/33 MP: 2/7
  2566 | D:3      | Noticed Terence
  2579 | D:3      | Killed Terence
  2873 | D:3      | Noticed Grinder
  2879 | D:3      | Paralysed by Grinder for 3 turns
  2880 | D:3      | Reached XP level 5. HP: 38/38 MP: 7/9
  2887 | D:3      | Killed Grinder
  2888 | D:3      | Reached XP level 6. HP: 35/45 MP: 1/10
  3305 | D:3      | Noticed Robin
  3479 | D:3      | Killed Robin
  3804 | D:3      | Found Pahanil's Magic Scroll Shoppe.
  3811 | D:3      | Bought a scroll of identify for 22 gold pieces
  3811 | D:3      | Bought a scroll of identify for 22 gold pieces
  3811 | D:3      | Bought a scroll of identify for 22 gold pieces
  3811 | D:3      | Bought a scroll of identify for 22 gold pieces
  3865 | D:3      | Found a runed translucent door.
  3866 | D:3      | Noticed Crazy Yiuf
  3881 | D:3      | Noticed Sigmund
  3885 | D:3      | Killed Sigmund
  3886 | D:3      | Your scales start taking on a glossy black colour.
  3886 | D:3      | Reached XP level 7. HP: 44/50 MP: 5/12
  3886 | D:3      | Gained mutation: You are resistant to electric shocks.
                  | (rElec) [Black Draconian growth]
  4228 | D:4      | Found Jeschuh's Antique Weapon Emporium.
  4862 | D:4      | Found a runed translucent gate.
  4862 | D:4      | Found a runed translucent gate.
  4862 | D:4      | Found a runed translucent gate.
  4862 | D:4      | Noticed asd2613's ghost (amateur MDMo)
  4868 | D:4      | Found a basalt altar of Yredelemnul.
  4933 | D:4      | Killed from afar by an orc priest

Illustrated notes

Levels and vault maps discovered:
D:1:      eino_arrival_cavern_b, layout_basic
D:2:      layout_loops_ring
D:3:      kennysheep_six_static_rooms, layout_rooms, serial_shops, shop,
          serial_bayou, serial_bayou_ford_a, serial_bayou_lake_a,
          serial_bayou_crossing, serial_bayou_pond_a, uniq_sigmund,
          uniq_crazy_yiuf_cottage, uniq_robin, uniq_grinder, uniq_terence
D:4:      layout_loops_ring, okawaru_altar_gauntlet_db,
          nicolae_yredelemnul_ghost_church, serial_shops, shop

Skill      XL: |  1  2  3  4  5  6  7 |
---------------+----------------------+-----
Stealth        | 2 3 4 |  4.1
Dodging        | 2 3 |  3.9
Conjurations   | 2 3 |  3.9
Spellcasting   | 3 4 |  4.0
Fire Magic     | 4 |  4.9

Action                     |  1- 3 |  4- 6 |  7- 9 || total
---------------------------+-------+-------+-------++-------
  Melee: Dagger            |    11 |    47 |    98 ||   156
         Short sword       |     3 |       |       ||     3
         Tailslap          |     1 |     6 |    12 ||    19
   Cast: Foxfire           |    47 |    47 |       ||    94
         Scorch            |     9 |    31 |    22 ||    62
Ability: Breathe Lightning |       |       |     5 ||     5
    Use: Scroll            |       |     5 |       ||     5
   Stab: Sleeping          |     1 |       |     3 ||     4
 Armour: Skin              |    12 |    56 |    69 ||   137
  Dodge: Dodged            |     9 |    32 |    79 ||   120

Table legend: (Time is in decaauts)
 A = Elapsed time spent in this place.
 B = Non-inter-level travel time spent in this place.
 C = Inter-level travel time spent in this place.
 D = Time resting spent in this place.
 E = Time spent auto-exploring this place.
 F = Levels seen in this place.
 G = Mean time per level.
                   A        B        C        D        E       F      G
               +--------+--------+--------+--------+--------+-----+--------+
         Total |   5012 |   4905 |    107 |    929 |   3183 |   4 | 1253.0 |
       Dungeon |   5012 |   4905 |    107 |    929 |   3183 |   4 | 1253.0 |
               +--------+--------+--------+--------+--------+-----+--------+

Top non-repeatable levels by time:
     D:3: 1776 daAuts
     D:1: 1421 daAuts
     D:2: 1078 daAuts
     D:4: 735 daAuts
